 Dungeon Crawl Stone Soup version 0.28-a0-1152-g9c71ebef14 (webtiles) character file.

Game seed: 10742942668320857101

28 spaghetti the Skirmisher (level 3, -4/42 HPs)
             Began as an Ogre Delver on Dec 14, 2021.
             Slain by a water moccasin skeleton (5 damage)
             ... on level 5 of the Dungeon.
             The game lasted 00:00:30 (149 turns).

spaghetti the Skirmisher (Ogre Delver)               Turns: 149, Time: 00:00:31

Health: -4/42      AC:  3    Str: 18    XL:     3   Next: 12%
Magic:  3/3        EV:  9    Int: 11    God:
Gold:   0          SH:  0    Dex: 10    Spells: 2/2 levels left

rFire   . . .      SeeInvis .   a - +0 mace {mace}
rCold   . . .      Faith    .   (no shield)
rNeg    . . .      Spirit   .   b - +0 robe
rPois   .          Reflect  .   (helmet restricted)
rElec   .          Harm     .   (no cloak)
rCorr   .          Rampage  .   (gloves unavailable)
Will    .....                   (boots unavailable)
Stlth   ++........              (no amulet)
HPRegen 0.14/turn               (no ring)
MPRegen 0.08/turn               (no ring)

@: no status effects
A: large, unfitting armour, tough skin 1
a: no special abilities


You were on level 5 of the Dungeon.
You visited 1 branch of the dungeon, and saw 2 of its levels.


Innate Abilities, Weirdness & Mutations

You are too large for most types of armour.
You have tough skin. (AC +1)


   Skills:
 + Level 5.6 Fighting
 - Level 1.7 Maces & Flails
 - Level 1.7 Dodging
 - Level 3.7 Stealth


You had 2 spell levels left.
You didn't know any spells.
Your spell library was empty.

Inventory:

Hand Weapons
 a - a +0 mace (weapon) {mace}
Missiles
 d - 11 bolts
 h - 20 stones (quivered) {throwing}
Armour
 b - a +0 robe (worn)
Wands
 g - a wand of digging (3)
Scrolls
 c - a scroll of fog
Potions
 f - a potion of haste {@q3}

Dungeon Overview and Level Annotations

Branches:
Dungeon (6/15)
 Temple: D:4-7

Altars:

#.# #.###
#.# #
###.#
..#.#
#.#.#
#.#.#
#.#.#
#.#.##.##
#@#.....#
#.#Z###..#
#.###.# .#
#.# ## #
#.# #. . .


You could see a water moccasin skeleton.


Message History

The bullfrog skeleton hits you. 😮 HP[-4]
You take 4 damage, and now have 17/24 hp.
You sock the bullfrog skeleton!
The bullfrog skeleton barely misses you.
The bullfrog skeleton closely misses you.
You hit the bullfrog skeleton.
You destroy the bullfrog skeleton!
Your Fighting skill increases to level 5!
You have reached level 2!
You have reached level 3!
Your experience leads to an increase in your attributes!
Increase (S)trength, (I)ntelligence, or (D)exterity?
You feel stronger. x3 😮 HP[+14] MP[+2]
You now have 42 max hp (+18).
You regained 14 hp, and now have 31/42 hp.
Your mp is fully restored (3).
d - 11 bolts
h - 20 stones {throwing} A water moccasin and an orc come into view.
The orc shouts! 😎 HP[+11]
Your hp is fully restored (42).
The orc throws a boomerang.
The boomerang misses you. The orc barely misses you.
You barely miss the orc. The orc hits you with a +0 falchion.
The orc closely misses you. 😕 HP[-1]
You take 1 damage, and now have 41/42 hp.
You barely miss the orc. The orc closely misses you. 😎 HP[+1]
Your hp is fully restored (42).
You hit the orc. The orc barely misses you.
You hit the orc but do no damage. The orc barely misses you. x2
You hit the orc.
You kill the orc!
The water moccasin bites you.
You are poisoned.
The water moccasin poisons you! 😕 HP[-1]
You take 1 damage, and now have 41/42 hp.
You hit the water moccasin.
You feel very sick.
The water moccasin bites you. x2 😮 HP[-16]
You take 16 damage, and now have 25/42 hp.
MASSIVE DAMAGE!! (PAUSE) Unknown command.
Okay, then.
Okay, then.
Okay, then.
You feel very sick. 😮 HP[-3]
You take 3 damage, and now have 22/42 hp.
Okay, then.
As you read the scroll of fear, it crumbles to dust.
You assume a fearsome visage.
The water moccasin looks frightened!
You feel sick. 😨 HP[-1]
You take 1 damage, and now have 21/42 hp.
You feel sick. 😨 HP[-2]
You take 2 damage, and now have 19/42 hp.
You feel sick. 😨 HP[-2]
You take 2 damage, and now have 17/42 hp.
You feel sick. 😨 HP[-1]
You take 1 damage, and now have 16/42 hp.
You feel sick. 😨 HP[-1]
You take 1 damage, and now have 15/42 hp.
You feel sick. 😨 HP[-1]
You take 1 damage, and now have 14/42 hp.
You feel sick. 😨 HP[-1]
You take 1 damage, and now have 13/42 hp.
You feel sick.
You are no longer poisoned.
A water moccasin skeleton comes into view.
You hit the water moccasin skeleton but do no damage.
The water moccasin skeleton bites you.
* * * LOW HITPOINT WARNING * * *
The water moccasin skeleton bites you.
* * * LOW HITPOINT WARNING * * *
😱 HP[-8]
You take 8 damage, and now have 5/42 hp.
Unknown command.
Unknown command.
Okay, then.
Okay, then.
You thump the water moccasin skeleton!
The water moccasin skeleton closely misses you. 😱 HP[+1]
You hit the water moccasin skeleton. The water moccasin skeleton bites you.
* * * LOW HITPOINT WARNING * * *
The water moccasin skeleton bites you.
You die...

Skill      XL: |  1 |
---------------+----+-----
Fighting       | 5 |  5.6
Maces & Flails | |  1.7
Dodging        | |  1.7
Stealth        | |  3.7

Action                   || total
-------------------------++-------
Melee: Mace              ||    13
  Use: Scroll            ||     2
Dodge: Dodged            ||    12

Levels and vault maps discovered:
D:5:      layout_loops_ring, nicolae_hepliaklqana_hazy_memory
D:6:      minmay_chambers_of_sixes, layout_cave_pods, zin_academy,
          serial_bayou_pond_d, uniq_sigmund, uniq_grinder

Notes
Turn   | Place    | Note
-------+----------+-------------------------------------------
     0 | D:5      | spaghetti the Ogre Delver began the quest for the Orb.
     0 | D:5      | Reached XP level 1. HP: 24/24 MP: 1/1
     0 | D:5      | magus.rc [v1.9.6]
    12 | D:5      | Reached skill level 5 in Fighting
    12 | D:5      | Reached XP level 2. HP: 26/35 MP: 2/2
    12 | D:5      | Reached XP level 3. HP: 31/42 MP: 3/3
   124 | D:5      | Noticed a water moccasin
   147 | D:5      | HP: 8/42 [water moccasin skeleton (5)]
   149 | D:5      | HP: 1/42 [water moccasin skeleton (5)]
   149 | D:5      | Slain by a water moccasin skeleton

Vanquished Creatures
  A bullfrog skeleton (D:5)
  An orc (D:5)
2 creatures vanquished.

Vanquished Creatures (others)
  A plant (D:5)
1 creature vanquished.

Grand Total: 3 creatures vanquished

Table legend:
 A = Non-vault XP
 B = Vault XP
 C = Vault XP percentage of total XP
 D = Non-vault monster count
 E = Vault monster count
 F = Vault count percentage of total count
                 A         B        C        D         E       F
            +---------+---------+-------+---------+---------+-------
      Total |      40 |       0 |   0.0 |       2 |       0 |   0.0
            +---------+---------+-------+---------+---------+-------
        D:5 |      40 |       0 |   0.0 |       2 |       0 |   0.0
            +---------+---------+-------+---------+---------+-------

Illustrated notes

Table legend:
 A = Kills in this place as a percentage of kills in entire the game.
 B = Kills by you in this place as a percentage of kills by you in the entire game.
 C = Kills by friends in this place as a percentage of kills by friends in the entire game.
 D = Other kills in this place as a percentage of other kills in the entire game.
 E = Experience gained in this place as a percentage of experience gained in the entire game.
 F = Experience gained in this place divided by the number of levels of this place that you have seen.
                   A       B       C       D       E      F
               +-------+-------+-------+-------+-------+----------------------
         Total | 100.0 | 100.0 |   N/A |   N/A | 100.0 |  20.0
       Dungeon | 100.0 | 100.0 |   N/A |   N/A | 100.0 |  20.0
               +-------+-------+-------+-------+-------+----------------------

Table legend: (Time is in decaauts)
 A = Elapsed time spent in this place.
 B = Non-inter-level travel time spent in this place.
 C = Inter-level travel time spent in this place.
 D = Time resting spent in this place.
 E = Time spent auto-exploring this place.
 F = Levels seen in this place.
 G = Mean time per level.
                   A        B        C        D        E       F      G
               +--------+--------+--------+--------+--------+-----+--------+
         Total |    152 |    151 |      1 |      0 |    112 |   2 |   76.0 |
       Dungeon |    152 |    151 |      1 |      0 |    112 |   2 |   76.0 |
               +--------+--------+--------+--------+--------+-----+--------+

Top non-repeatable levels by time:
     D:5: 150 daAuts
     D:6: 2 daAuts
